[Event "Titled Tuesday Blitz February 21 Early 2023"]
[White "Predke, Alexandr"]
[Black "Ambartsumova, Karina"]
[WhiteFideId "24107581"]
[BlackFideId "4166299"]
[WhiteElo "2685"]
[BlackElo "2393"]
[Result "1-0"]
[Round "11"]
[TimeControl "180+2"]
[Date "2023.02.21"]
[WhiteClock "0:00:03"]
[BlackClock "0:00:08"]

1. e4 c5 2. Nf3 Nc6 3. Nc3 e6 4. d4 cxd4 5. Nxd4 Qc7 6. Be3 Nf6 7. f4 Bb4 8. Nb5 Qa5 9. e5 Nd5 10. Bd2 a6 11. Nxd5 exd5 12. Nd6+ Ke7 13. Nf5+ Kf8 14. c3 Be7 15. Bd3 Qb6 16. Qb3 Qxb3 17. axb3 g6 18. Nxe7 Kxe7 19. b4 d6 20. b5 Nd8 21. O-O Ne6 22. exd6+ Kxd6 23. f5 Nc5 24. Bf4+ Kd7 25. Rad1 Nxd3 26. Rxd3 axb5 27. Rxd5+ Kc6 28. Rfd1 b6 29. Rd6+ Kb7 30. Rf6 Ra2 31. Rdd6 Bxf5 32. Rxb6+ Ka7 33. Rxb5 Ra1+ 34. Kf2 Re8 35. Be3+ Ka8 36. Rd5 Ra2 37. Rd2 Be6 38. Rf4 Rb8 39. b4 Ra3 40. Bd4 Rc8 41. Re4 Rc4 42. Ree2 Kb7 43. Re1 Kc6 44. h3 h5 45. Be5 Kb5 46. Rd8 Ra2+ 47. Kg1 Ra3 48. Bd4 Ka4 49. Ra8+ Kb3 50. Rxa3+ Kxa3 51. b5 Rc7 52. b6 Rb7 53. Kf2 Kb3 54. Ke3 Kc4 55. Kf4 Bd5 56. g3 Rb8 57. Re7 Rb7 58. Rxb7 Bxb7 59. Ke5 Bg2 60. Kd6 Kb5 61. Kc7 Ka6 62. c4 g5 63. c5 f5 64. c6 f4 65. gxf4 Bxh3 66. fxg5 h4 67. b7 Bc8 68. b8=Q h3 69. Qb6# 1-0


[Site "https://www.chess.com"]

[Event "Titled Tuesday Blitz February 21 Early 2023"]
[White "Pakleza, Zbigniew"]
[Black "Al-Tarboush, Ward"]
[WhiteFideId "1119290"]
[BlackFideId "7601450"]
[WhiteElo "2494"]
[BlackElo "2256"]
[Result "1-0"]
[Round "11"]
[TimeControl "180+2"]
[Date "2023.02.21"]
[WhiteClock "0:00:04"]
[BlackClock "0:00:02"]

1. d4 d5 2. Bf4 Nf6 3. e3 c5 4. c3 Qb6 5. Qb3 c4 6. Qc2 g6 7. b3 Bf5 8. Qb2 Bg7 9. Nd2 O-O 10. Ngf3 Nc6 11. Be2 Ne4 12. Nxe4 Bxe4 13. O-O Rac8 14. Rfc1 Na5 15. Nd2 Bf5 16. Qa3 Rfe8 17. bxc4 Nxc4 18. Nxc4 dxc4 19. Qa4 e5 20. dxe5 Bxe5 21. Bg3 Bxg3 22. hxg3 h5 23. Rd1 Qf6 24. Qxa7 Qxc3 25. Qxb7 Be4 26. Qb6 Qe5 27. Qd4 c3 28. Rac1 Qa5 29. f3 c2 30. Re1 Bf5 31. e4 Be6 32. a4 Red8 33. Qe3 Qxa4 34. f4 Qb4 35. f5 Rc3 36. Qg5 Qd4+ 37. Kh2 h4 38. fxe6 hxg3+ 39. Kh3 Kg7 40. Bf3 Rh8+ 41. Kxg3 f5 42. exf5 Qd6+ 43. Qf4 Rxf3+ 44. Kxf3 Qd3+ 45. Qe3 Qxf5+ 46. Ke2 Rh4 47. Qc3+ Kg8 48. Kd2 Qf4+ 49. Kxc2 Qf5+ 50. Qd3 Rc4+ 51. Kd2 Qf4+ 52. Re3 Qf2+ 53. Qe2 Rd4+ 54. Kc3 Qf6 55. Re5 Rd5 56. Re1 Rc5+ 57. Kd4 Rc8 58. Qe4 Qf2+ 59. Qe3 Qb2+ 60. Ke4 Qb4+ 61. Kf3 Rf8+ 62. Kg3 Qe7 63. Qe4 Qh7 64. Qg4 Qh6 65. e7 Re8 66. Re6 Kf7 67. Rf1+ Kg7 68. Qd4+ Kg8 69. Qf6 Qh5 70. Qf7+ Kh8 71. Qxe8+ Kh7 72. Qf7+ Kh6 73. Qf8+ Kh7 74. Rf7# 1-0


[Site "https://www.chess.com"]

[Event "Titled Tuesday Blitz February 21 Early 2023"]
[White "Halkias, Stelios"]
[Black "Maksimenko, Viktor"]
[WhiteFideId "4201809"]
[BlackFideId "13710478"]
[WhiteElo "2511"]
[BlackElo "2196"]
[Result "1-0"]
[Round "11"]
[TimeControl "180+2"]
[Date "2023.02.21"]
[WhiteClock "0:01:54"]
[BlackClock "0:02:12"]

1. d4 Nf6 2. Nf3 e6 3. e3 d5 4. Bd3 Bd6 5. b3 Nbd7 6. Bb2 O-O 7. O-O Re8 8. c4 c6 9. Nc3 e5 10. dxe5 Nxe5 11. Nxe5 Bxe5 12. h3 dxc4 13. bxc4 Qe7 14. Qc2 Be6 15. Rad1 Rad8 16. f4 Bb8 17. Ne4 Nxe4 18. Bxe4 h6 19. Rxd8 Rxd8 20. f5 Bc8 21. f6 Qd6 22. Bh7+ Kf8 23. fxg7+ Ke7 24. Qe4+ Be6 25. Qh4+ 1-0


[Site "https://www.chess.com"]

[Event "Titled Tuesday Blitz February 21 Early 2023"]
[White "Vovk, Orest"]
[Black "Golubka, Petro"]
[WhiteFideId "14113490"]
[BlackFideId "14114224"]
[WhiteElo "2315"]
[BlackElo "2371"]
[Result "0-1"]
[Round "11"]
[TimeControl "180+2"]
[Date "2023.02.21"]
[WhiteClock "0:00:02"]
[BlackClock "0:00:40"]

1. h4 h6 2. Nc3 a6 3. d4 d5 4. e4 dxe4 5. Nxe4 e5 6. dxe5 Qxd1+ 7. Kxd1 Nc6 8. Nf3 Bf5 9. Bd3 Nge7 10. Nc5 O-O-O 11. Ke2 Bg4 12. Nb3 Nxe5 13. Bf4 Nxd3 14. cxd3 Nd5 15. Be3 Bd6 16. Kd2 Bb4+ 17. Kc2 Rhe8 18. a3 Bf8 19. Rae1 b6 20. Nfd2 h5 21. Ne4 Bf5 22. f3 f6 23. Bd2 c5 24. Bc3 Kc7 25. Bd2 a5 26. Rhg1 a4 27. Nc1 Kc6 28. Ne2 b5 29. Nf4 Nxf4 30. Bxf4 Rd7 31. g4 Bg6 32. g5 f5 33. Nf2 Rde7 34. Kd2 Rxe1 35. Rxe1 Rxe1 36. Kxe1 Bf7 37. Kd2 Bd5 38. Ke2 b4 39. Nd1 g6 40. Bc1 c4 41. dxc4 Bxc4+ 42. Ke1 bxa3 43. bxa3 Bd5 44. Ke2 Bb3 45. Ne3 Kd7 46. Ng2 Ke6 47. Nf4+ Kf7 48. Nd3 Bc4 49. Ke3 Bd6 50. f4 Bd5 51. Ne5+ Kg7 52. Kd4 Bb3 53. Nc4 Bc7 54. Nd2 Bxf4 55. Nxb3 axb3 56. Bb2 Bg3 57. Kc5+ Kf7 58. a4 Bxh4 59. a5 Bxg5 60. Kc4 Be3 61. Kxb3 h4 62. Kc4 h3 63. Be5 f4 64. Kd3 h2 65. Bxf4 Bxf4 0-1


[Site "https://www.chess.com"]

[Event "Titled Tuesday Blitz February 21 Early 2023"]
[White "Maltsevskaya, Aleksandra"]
[Black "Leiva, Gianmarco"]
[WhiteFideId "24174041"]
[BlackFideId "3804399"]
[WhiteElo "2390"]
[BlackElo "2392"]
[Result "1-0"]
[Round "11"]
[TimeControl "180+2"]
[Date "2023.02.21"]
[WhiteClock "0:01:18"]
[BlackClock "0:00:40"]

1. e4 c5 2. Nf3 d6 3. d4 cxd4 4. Nxd4 Nf6 5. Nc3 a6 6. g3 e5 7. Nb3 Be7 8. Bg2 O-O 9. O-O b5 10. a4 b4 11. Nd5 Nxd5 12. exd5 a5 13. Bd2 Ba6 14. Re1 Bc4 15. c3 bxc3 16. Bxc3 Bxb3 17. Qxb3 Na6 18. Qc2 Qb6 19. Bf1 Rfc8 20. Bb5 Bd8 21. Qf5 Qa7 22. h4 Bb6 23. h5 h6 24. Bd3 Kf8 25. Kg2 Bd4 26. Rac1 Bxc3 27. bxc3 Nc5 28. Bc2 Qe7 29. Qh7 Qg5 30. f4 Qxh5 31. fxe5 dxe5 32. d6 f6 33. Bg6 1-0


[Site "https://www.chess.com"]

[Event "Titled Tuesday Blitz February 21 Early 2023"]
[White "Pinheiro, Iung Alicio de O."]
[Black "Dehtiarov, Roman"]
[WhiteFideId "2104350"]
[BlackFideId "14186640"]
[WhiteElo "2306"]
[BlackElo "2289"]
[Result "1-0"]
[Round "11"]
[TimeControl "180+2"]
[Date "2023.02.21"]
[WhiteClock "0:00:11"]
[BlackClock "0:00:09"]

1. e4 e5 2. Bc4 Nc6 3. d3 Nf6 4. Nc3 Bc5 5. f4 d6 6. Nf3 Be6 7. Bxe6 fxe6 8. Na4 Bb6 9. Nxb6 axb6 10. fxe5 dxe5 11. O-O O-O 12. b3 Qd6 13. Bb2 Qc5+ 14. Kh1 Ng4 15. Qe2 Rf6 16. h3 Ne3 17. Rfe1 Qxc2 18. Nxe5 Rf2 19. Qxc2 Nxc2 20. Rf1 Rxf1+ 21. Rxf1 Rxa2 22. Nd7 h6 23. Bc3 Ne3 24. Rf8+ Kh7 25. Rf7 Rxg2 26. Rf3 Rc2 27. Nf8+ Kg8 28. Bxg7 Rc1+ 29. Kh2 Nf1+ 30. Kg2 Kxg7 31. Nxe6+ Kg6 32. Rxf1 Rc3 33. Rf3 Rxb3 34. Nf4+ Kh7 35. Nd5 Rb2+ 36. Kg3 Nd4 37. Rf7+ Kg8 38. Rxc7 b5 39. Rxb7 Ne2+ 40. Kg4 Nd4 41. Kh5 Kf8 42. Kg6 Ke8 43. Nf6+ Kd8 44. Nd5 Kc8 45. Rc7+ Kb8 46. Rc5 b4 47. e5 b3 48. Rc4 Rg2+ 49. Kf7 b2 50. Rb4+ Kc8 51. Nc3 Nc6 52. Rc4 Kb7 53. e6 Ne5+ 54. Ke8 Nxc4 55. e7 Nd6+ 56. Kd7 Rc2 57. Kxd6 Rxc3 58. e8=Q b1=Q 59. Qe4+ Kb6 60. Qd4+ Kb7 61. Qxc3 Qb6+ 62. Kd5 Qb5+ 63. Qc5 Qd7+ 64. Kc4 Qxh3 65. Qd5+ Kc7 66. Qf7+ Kd8 67. Qf6+ Ke8 68. d4 Kd7 69. Qf7+ Kd8 70. Qg7 Qh4 71. Qh8+ Kd7 72. Qh7+ Kd8 73. Qg8+ Kd7 74. Qd5+ Ke7 75. Qb7+ Kf6 76. Kc5 Kg6 77. d5 Qf2+ 78. Kc6 Qc2+ 79. Kd7 Qf5+ 80. Kd6 Qf4+ 81. Kc5 Qe3+ 82. Kc6 Qc3+ 83. Kd7 Qg7+ 84. Kc8 Qf8+ 85. Kc7 Qf7+ 86. Kb6 Qf6+ 87. Qc6 h5 88. Qxf6+ Kxf6 89. d6 h4 90. d7 Kg5 91. d8=Q+ Kg4 92. Qg8+ Kh3 93. Qg5 Kh2 94. Qxh4+ Kg2 95. Qe4+ Kg1 96. Qc2 Kh1 97. Kc5 Kg1 98. Kd4 Kh1 99. Ke3 1-0


[Site "https://www.chess.com"]

[Event "Titled Tuesday Blitz February 21 Early 2023"]
[White "EREBUNI91"]
[Black "Balla, Tamas-Kristof"]
[BlackFideId "1208497"]
[WhiteElo "2722"]
[BlackElo "2303"]
[Result "1-0"]
[Round "11"]
[TimeControl "180+2"]
[Date "2023.02.21"]
[WhiteClock "0:00:49"]
[BlackClock "0:00:42"]

1. e4 c5 2. Nf3 Nc6 3. d4 cxd4 4. Nxd4 e5 5. Nb5 d6 6. N1c3 a6 7. Na3 b5 8. Nd5 Nge7 9. Be2 Nxd5 10. exd5 Ne7 11. c4 g6 12. cxb5 Bg7 13. O-O O-O 14. Bg5 f5 15. Qb3 f4 16. b6 Bb7 17. Rac1 h6 18. Bxe7 Qxe7 19. Rc7 Qg5 20. Rxb7 e4 21. f3 Bd4+ 22. Kh1 exf3 23. Bxf3 Rae8 24. Nc2 Bc5 25. a4 Re5 26. a5 Qh4 27. Qd3 Rff5 28. b4 Bf2 29. h3 Qg3 30. Rc7 Rh5 31. Be4 Be3 32. Nxe3 Rxh3+ 33. gxh3 Qxh3+ 34. Kg1 Rg5+ 35. Ng2 Rxg2+ 36. Bxg2 Qxd3 37. b7 1-0


[Site "https://www.chess.com"]

[Event "Titled Tuesday Blitz February 21 Early 2023"]
[White "Bews, Steven"]
[Black "Weetik, Vjacheslav"]
[WhiteFideId "2400529"]
[BlackFideId "4153472"]
[WhiteElo "2295"]
[BlackElo "2423"]
[Result "0-1"]
[Round "11"]
[TimeControl "180+2"]
[Date "2023.02.21"]
[WhiteClock "0:00:09"]
[BlackClock "0:00:06"]

1. e4 c6 2. d4 d5 3. e5 Bf5 4. h4 Qb6 5. Nf3 e6 6. Bd3 Bg4 7. c3 Nd7 8. Nbd2 c5 9. O-O Ne7 10. a4 Nc6 11. a5 Qc7 12. Be2 a6 13. dxc5 Bxc5 14. b4 Ba7 15. c4 O-O 16. cxd5 exd5 17. Bb2 Rfe8 18. Rc1 Qd8 19. Nb3 Bxf3 20. Bxf3 Ndxe5 21. Bxd5 Qxh4 22. Bxc6 Ng4 23. Qxg4 Qxg4 24. Bxe8 Rxe8 25. Bc3 h5 26. Rfe1 Rxe1+ 27. Bxe1 h4 28. Kh2 h3 29. gxh3 Qf3 30. Rc3 Qe2 31. Rc1 Bxf2 32. Bxf2 Qxf2+ 33. Kh1 Qf3+ 34. Kh2 Qxb3 35. Rc8+ Kh7 36. Rc5 Qxb4 37. Rh5+ Kg8 38. h4 Qd2+ 39. Kh1 Qd1+ 40. Kg2 Qxh5 41. Kg3 Qxa5 42. Kh3 0-1


[Site "https://www.chess.com"]

[Event "Titled Tuesday Blitz February 21 Early 2023"]
[White "Liyanage, Ranindu Dilshan"]
[Black "Santos Flores, Alberto"]
[WhiteFideId "9915834"]
[BlackFideId "3601234"]
[WhiteElo "2342"]
[BlackElo "2164"]
[Result "1-0"]
[Round "11"]
[TimeControl "180+2"]
[Date "2023.02.21"]
[WhiteClock "0:00:08"]
[BlackClock "0:00:01"]

1. d4 d5 2. Nc3 Nf6 3. Bf4 e6 4. Nb5 Bb4+ 5. c3 Ba5 6. b4 Bb6 7. a4 a5 8. e3 Bd7 9. Nf3 Na6 10. Rb1 Ne4 11. Qc2 Qe7 12. bxa5 Bxa5 13. Bd3 Bxb5 14. axb5 Nxc3 15. O-O Nxb1 16. bxa6 Nc3 17. axb7 Rb8 18. Ra1 Qb4 19. Ne5 Rxb7 20. Nc6 Qb2 21. Qxb2 Rxb2 22. Nxa5 O-O 23. Nc6 Ne4 24. Bxe4 dxe4 25. Bxc7 Rc2 26. Ne7+ Kh8 27. Bd6 Re8 28. h3 h6 29. Ra6 Rb2 30. Nc6 f6 31. Na5 Ra2 32. Bc5 Rb8 33. Ra7 Rb5 34. Nc6 Rb1+ 35. Kh2 Rxf2 36. Bf8 Rbb2 37. Rxg7 1-0


[Site "https://www.chess.com"]

[Event "Titled Tuesday Blitz February 21 Early 2023"]
[White "Csonka, Balazs"]
[Black "Garv Gaur"]
[WhiteFideId "742910"]
[BlackFideId "45030839"]
[WhiteElo "2496"]
[BlackElo "2006"]
[Result "0-1"]
[Round "11"]
[TimeControl "180+2"]
[Date "2023.02.21"]
[WhiteClock "0:00:03"]
[BlackClock "0:00:05"]

1. e4 c6 2. d4 d5 3. e5 Bf5 4. Nd2 e6 5. Nb3 c5 6. dxc5 Bxc5 7. Nxc5 Qa5+ 8. c3 Qxc5 9. Nf3 Ne7 10. Qa4+ Nd7 11. Nd4 a6 12. Bg5 Nc6 13. Be3 Nxd4 14. cxd4 Qb6 15. Qa3 Nb8 16. Rc1 Nc6 17. Be2 Kd7 18. O-O Rhc8 19. Rc3 Nb4 20. Qa4+ Kd8 21. Rfc1 Nc6 22. Bg5+ Ke8 23. Be3 Kf8 24. Qa3+ Kg8 25. g4 Be4 26. f3 Bg6 27. Kf2 Qd8 28. b3 b5 29. Qb2 Nb4 30. a3 Rxc3 31. Rxc3 Qh4+ 32. Kg2 a5 33. axb4 axb4 34. Rc1 h5 35. g5 Bf5 36. Qd2 Qh3+ 37. Kg1 f6 38. Bf2 fxg5 39. Qxg5 Ra2 40. Qg3 Rxe2 41. Qxh3 Bxh3 42. Rc5 Rb2 43. Bh4 Rxb3 44. Rxb5 Rxf3 45. Bf2 b3 46. Rxb3 Rxb3 0-1


[Site "https://www.chess.com"]

[Event "Titled Tuesday Blitz February 21 Early 2023"]
[White "Alex_Sahakyan2006"]
[Black "Yeritsyan, Hayk"]
[BlackFideId "13307320"]
[WhiteElo "2664"]
[BlackElo "2241"]
[Result "1-0"]
[Round "11"]
[TimeControl "180+2"]
[Date "2023.02.21"]
[WhiteClock "0:00:57"]
[BlackClock "0:00:12"]

1. b3 d5 2. Bb2 Nf6 3. Nf3 Bf5 4. g3 e6 5. Bg2 h6 6. d3 c6 7. c4 Be7 8. O-O O-O 9. Nbd2 Bh7 10. Ne5 Nbd7 11. Ndf3 Nxe5 12. Nxe5 Nd7 13. Nxd7 Qxd7 14. Rc1 Qd8 15. e4 dxe4 16. Bxe4 Bxe4 17. dxe4 Qxd1 18. Rcxd1 Rfd8 19. Bd4 Kf8 20. Kg2 g6 21. Kf3 h5 22. Ke2 Ke8 23. Be3 a6 24. Bb6 Rxd1 25. Rxd1 Bd8 26. Rxd8+ Rxd8 27. Bxd8 Kxd8 28. e5 c5 29. Ke3 Ke7 30. Kf4 f6 31. h4 b5 32. a4 bxa4 33. bxa4 Kf7 34. exf6 Kxf6 35. Ke4 g5 36. hxg5+ Kxg5 37. f3 Kf6 38. a5 Ke7 39. Ke5 Kd7 40. Kf6 Kd6 41. f4 Kd7 42. Kg5 1-0


[Site "https://www.chess.com"]

[Event "Titled Tuesday Blitz February 21 Early 2023"]
[White "Rosen, Eric"]
[Black "Golubev, Mikhail"]
[WhiteFideId "2032562"]
[BlackFideId "14100983"]
[WhiteElo "2349"]
[BlackElo "2461"]
[Result "1-0"]
[Round "11"]
[TimeControl "180+2"]
[Date "2023.02.21"]
[WhiteClock "0:00:01"]
[BlackClock "0:00:01"]

1. d4 Nf6 2. Bf4 d6 3. Nc3 Nbd7 4. Nf3 c5 5. d5 b5 6. Nxb5 Qa5+ 7. Nc3 Rb8 8. Bd2 Rxb2 9. e4 g6 10. a4 Rb8 11. Bd3 Bg7 12. O-O a6 13. h3 O-O 14. Ne2 Qc7 15. c4 Nh5 16. Rb1 Rxb1 17. Qxb1 Ne5 18. Nxe5 dxe5 19. Qc1 Bd7 20. a5 Rb8 21. g4 Nf6 22. f4 Ne8 23. f5 Nd6 24. Ng3 Qb7 25. Rf3 Qb2 26. Qxb2 Rxb2 27. Be3 Rb3 28. Be2 Nb7 29. h4 Nxa5 30. Bxc5 Rxf3 31. Bxf3 Nxc4 32. Bxe7 Bf8 33. Bf6 Bc5+ 34. Kg2 a5 35. Be2 Ne3+ 36. Kf3 Bd4 37. Bd3 a4 38. Ne2 a3 39. Nxd4 exd4 40. Bxd4 Nd1 41. Bc4 Nb2 42. Ba2 Bb5 43. d6 Kf8 44. e5 Bc4 45. Bxb2 Bxa2 46. Bxa3 Bb1 47. d7+ 1-0


[Site "https://www.chess.com"]

[Event "Titled Tuesday Blitz February 21 Early 2023"]
[White "Melikyan, Gnel"]
[Black "Mazurkiewicz, Michal"]
[WhiteFideId "54109990"]
[BlackFideId "1124943"]
[WhiteElo "2238"]
[BlackElo "2145"]
[Result "1-0"]
[Round "11"]
[TimeControl "180+2"]
[Date "2023.02.21"]
[WhiteClock "0:00:44"]
[BlackClock "0:01:11"]

1. f4 Nf6 2. Nf3 g6 3. d3 d5 4. Nc3 Bg7 5. e4 dxe4 6. Nxe4 Nxe4 7. dxe4 Qxd1+ 8. Kxd1 Bg4 9. Bd3 Nc6 10. c3 e5 11. Ke2 exf4 12. Bxf4 Ne5 13. Bc2 Rd8 14. h3 Bxf3+ 15. gxf3 c6 16. Rad1 Ke7 17. Bg5+ f6 18. Be3 Nc4 19. Bc5+ Ke8 20. Bxa7 Ra8 21. Bc5 Rxa2 22. Rb1 b6 23. Bb3 Rxb2+ 24. Rxb2 Nxb2 25. Ba3 Kd7 26. Bxb2 b5 27. Rd1+ Kc7 28. c4 Rb8 29. c5 Ra8 30. Ra1 Rxa1 31. Bxa1 Bf8 32. Bd4 Be7 33. Kd3 Kb7 34. Kc3 Ka6 35. Kb4 Bd8 36. Bg8 h6 37. Be6 Ba5+ 38. Kb3 Bd8 39. f4 Kb7 40. e5 fxe5 41. fxe5 Be7 42. Bd7 Kc7 43. e6 h5 44. Kb4 g5 45. Be5+ Kb7 46. Bd6 1-0


[Site "https://www.chess.com"]

[Event "Titled Tuesday Blitz February 21 Early 2023"]
[White "Sadubayev, Airat"]
[Black "Kejna, Piotr"]
[WhiteFideId "13713264"]
[BlackFideId "21821704"]
[WhiteElo "2320"]
[BlackElo "2027"]
[Result "1-0"]
[Round "11"]
[TimeControl "180+2"]
[Date "2023.02.21"]
[WhiteClock "0:00:16"]
[BlackClock "0:00:01"]

1. d4 Nf6 2. c4 e5 3. dxe5 Ng4 4. Bf4 g5 5. Bg3 Nc6 6. Nf3 Bg7 7. h4 Ngxe5 8. Nc3 g4 9. Nxe5 Nxe5 10. e3 d6 11. Be2 f5 12. h5 Be6 13. h6 Bf6 14. Nd5 O-O 15. Nxf6+ Qxf6 16. Qd4 Nc6 17. Qxf6 Rxf6 18. Kd2 Kf7 19. Kc3 Kg6 20. Rad1 b6 21. b3 Ne5 22. Rd2 Rff8 23. Bd1 Bc8 24. Bc2 Bb7 25. Rh2 Nf7 26. Bf4 Ng5 27. f3 gxf3 28. gxf3 Nxf3 29. Rdg2+ Kf6 30. Rh5 Be4 31. Bxe4 fxe4 32. Rg7 Rf7 33. Rf5+ Kxf5 34. Rxf7+ Kg4 35. Rxh7 Rg8 36. Rg7+ 1-0


[Site "https://www.chess.com"]

[Event "Titled Tuesday Blitz February 21 Early 2023"]
[White "Cuenca Jimenez, Jose Fernando"]
[Black "Bon, Michael"]
[WhiteFideId "2255570"]
[BlackFideId "620696"]
[WhiteElo "2535"]
[BlackElo "2394"]
[Result "0-1"]
[Round "11"]
[TimeControl "180+2"]
[Date "2023.02.21"]
[WhiteClock "0:00:02"]
[BlackClock "0:00:15"]

1. Nf3 d5 2. b3 g6 3. Bb2 Nf6 4. c4 Bg7 5. cxd5 O-O 6. g3 Nxd5 7. Bxg7 Kxg7 8. Qc1 Nc6 9. Qb2+ f6 10. d4 Bg4 11. Bg2 Bxf3 12. Bxf3 Ndb4 13. Bxc6 Nxc6 14. e3 e5 15. dxe5 Nxe5 16. O-O Nf3+ 17. Kg2 Qd5 18. Nc3 Qh5 19. h3 Rad8 20. Rad1 Ng5 21. h4 Qf3+ 22. Kh2 Ne4 23. Qe2 Qxe2 24. Nxe2 Rxd1 25. Rxd1 Nxf2 26. Rc1 Rf7 27. Kg2 Ng4 28. Kf3 h5 29. Nd4 Re7 30. Rxc7 Rxc7 31. Ne6+ Kf7 32. Nxc7 Ke7 33. e4 a6 34. Kf4 Ne5 35. Nd5+ Ke6 36. Ke3 Nc6 37. Nf4+ Kf7 38. Kd2 Ne5 39. Kc3 g5 0-1


[Site "https://www.chess.com"]

[Event "Titled Tuesday Blitz February 21 Early 2023"]
[White "Kalajzic, Ivan"]
[Black "Skliarov, Viktor"]
[WhiteFideId "14506378"]
[BlackFideId "14106736"]
[WhiteElo "2062"]
[BlackElo "2383"]
[Result "0-1"]
[Round "11"]
[TimeControl "180+2"]
[Date "2023.02.21"]
[WhiteClock "0:00:05"]
[BlackClock "0:00:07"]

1. b3 e5 2. Bb2 Nc6 3. e3 Nf6 4. Bb5 Bd6 5. Na3 a6 6. Be2 b5 7. c4 b4 8. Nc2 e4 9. f3 O-O 10. fxe4 Nxe4 11. Nf3 a5 12. O-O a4 13. Rc1 axb3 14. axb3 Ra2 15. Rb1 Bb7 16. Ncd4 Nxd4 17. Bxd4 c5 18. Ra1 Qa8 19. Rxa2 Qxa2 20. Qa1 Qxa1 21. Bxa1 Ra8 22. Be5 Bxe5 23. Nxe5 d6 24. Nxf7 Nxd2 25. Nxd6 Nxf1 26. Nxb7 Nxe3 27. Nxc5 Nc2 28. Nd3 Nd4 29. Bg4 Rb8 30. c5 Kf8 31. Kf2 Ke7 32. Ke3 Nxb3 33. c6 Kd6 34. Ne5 Kxe5 35. c7 Rf8 36. c8=Q Rxc8 37. Bxc8 Nc5 38. Kd2 Kd4 39. Kc2 Kc4 40. Bf5 g6 41. Bg4 b3+ 42. Kb1 Kc3 0-1


[Site "https://www.chess.com"]

[Event "Titled Tuesday Blitz February 21 Early 2023"]
[White "Indjic, Aleksandar"]
[Black "Mamedov, Edgar"]
[WhiteFideId "911925"]
[BlackFideId "13739980"]
[WhiteElo "2618"]
[BlackElo "2193"]
[Result "0-1"]
[Round "11"]
[TimeControl "180+2"]
[Date "2023.02.21"]
[WhiteClock "0:00:03"]
[BlackClock "0:00:24"]

1. e4 c6 2. d4 d5 3. e5 c5 4. Nf3 cxd4 5. Qxd4 Nc6 6. Qf4 e6 7. Nc3 Nge7 8. Bd3 Ng6 9. Qg3 Bd7 10. h4 Qb8 11. Bxg6 hxg6 12. O-O Be7 13. Bg5 Qd8 14. Bxe7 Nxe7 15. Qf4 Nf5 16. g3 Rc8 17. Ne2 Rxc2 18. Ned4 Nxd4 19. Nxd4 Rxb2 20. Rab1 Rxb1 21. Rxb1 Qc7 22. Kg2 O-O 23. Rc1 Qb8 24. h5 gxh5 25. Rh1 f6 26. Rxh5 fxe5 27. Qh4 exd4 28. Rh8+ Kf7 29. Qh5+ Ke7 30. Rh7 Kd6 31. Rxg7 Qe8 32. Qh7 Bc6 33. f4 Qd8 0-1


[Site "https://www.chess.com"]

[Event "Titled Tuesday Blitz February 21 Early 2023"]
[White "Movahed, Sina"]
[Black "Karttunen, Mika"]
[WhiteFideId "42520835"]
[BlackFideId "502081"]
[WhiteElo "2340"]
[BlackElo "2490"]
[Result "0-1"]
[Round "11"]
[TimeControl "180+2"]
[Date "2023.02.21"]
[WhiteClock "0:01:20"]
[BlackClock "0:00:45"]

1. e4 e6 2. d4 d5 3. e5 c5 4. c3 Nc6 5. Nf3 Qb6 6. Bd3 Bd7 7. O-O cxd4 8. Re1 h6 9. h4 Rc8 10. h5 Nge7 11. Na3 a6 12. c4 Nb4 13. Bf1 d3 14. Be3 Qd8 15. Qd2 Nf5 16. Bf4 dxc4 17. Rac1 b5 18. b3 Nd5 19. bxc4 Nxf4 20. c5 Ne2+ 21. Bxe2 dxe2 22. g4 Nh4 23. Rc3 Nxf3+ 24. Rxf3 Bc6 0-1


[Site "https://www.chess.com"]

[Event "Titled Tuesday Blitz February 21 Early 2023"]
[White "Malyi, Viacheslav"]
[Black "Harsh Suresh"]
[WhiteFideId "14123983"]
[BlackFideId "45018464"]
[WhiteElo "2391"]
[BlackElo "2298"]
[Result "0-1"]
[Round "11"]
[TimeControl "180+2"]
[Date "2023.02.21"]
[WhiteClock "0:00:13"]
[BlackClock "0:00:07"]

1. e4 c5 2. Nf3 g6 3. d4 cxd4 4. Nxd4 Nc6 5. c4 Nf6 6. Nc3 d6 7. Be2 Nxd4 8. Qxd4 Bg7 9. Be3 O-O 10. Qd2 a5 11. f3 a4 12. O-O-O Be6 13. Kb1 a3 14. b3 Nd7 15. Nd5 Bxd5 16. cxd5 Nc5 17. Bd4 Bxd4 18. Qxd4 Qb6 19. Rc1 Rfc8 20. Rc3 Rc7 21. Rhc1 Rac8 22. Rc4 Qa7 23. h4 b5 24. R4c2 Qb7 25. h5 gxh5 26. f4 Nd7 27. Bxh5 Rxc2 28. Rxc2 Rxc2 29. Kxc2 Nf6 30. Bf3 Qc7+ 31. Qc3 Qb6 32. e5 dxe5 33. fxe5 Nd7 34. Qc8+ Nf8 35. Qg4+ Ng6 36. Qc8+ Kg7 37. Qc3 b4 38. Qe1 Qd4 39. Kc1 Qa1+ 40. Kd2 Qxa2+ 41. Ke3 Qxb3+ 42. Ke4 a2 43. Kf5 Qb1+ 0-1


[Site "https://www.chess.com"]

[Event "Titled Tuesday Blitz February 21 Early 2023"]
[White "Toncheva, Nadya"]
[Black "Starozhilov, Leonid"]
[WhiteFideId "2924056"]
[BlackFideId "14106752"]
[WhiteElo "2295"]
[BlackElo "2313"]
[Result "0-1"]
[Round "11"]
[TimeControl "180+2"]
[Date "2023.02.21"]
[WhiteClock "0:00:10"]
[BlackClock "0:00:47"]

1. e4 g6 2. d4 Bg7 3. c4 Nc6 4. d5 Nd4 5. Be3 c5 6. dxc6 Nxc6 7. Nc3 Qa5 8. Qd2 Bxc3 9. bxc3 Nf6 10. f3 b6 11. Bd3 Ba6 12. g4 Ne5 13. Bd4 Rc8 14. h4 Bxc4 15. Bxc4 Nxc4 16. Qd3 e5 17. Bf2 Nb2 18. Qd6 Qxc3+ 19. Kf1 Qd3+ 20. Qxd3 Nxd3 21. Be3 Ke7 22. Ne2 Ke6 23. Rd1 Nb2 24. Rb1 Nc4 25. Bg5 h6 26. Bc1 d5 27. exd5+ Nxd5 28. Kf2 Nd6 29. Rd1 Rc2 30. Rb3 Rhc8 31. Ba3 Nc4 32. Bb4 Nf4 33. Re1 a5 34. Bc3 Nd3+ 0-1


[Site "https://www.chess.com"]

[Event "Titled Tuesday Blitz February 21 Early 2023"]
[White "Jaskolka, Tomasz"]
[Black "Papasimakopoulos, Alexandros"]
[WhiteFideId "1170791"]
[BlackFideId "4244125"]
[WhiteElo "2238"]
[BlackElo "2401"]
[Result "0-1"]
[Round "11"]
[TimeControl "180+2"]
[Date "2023.02.21"]
[WhiteClock "0:00:08"]
[BlackClock "0:01:13"]

1. d4 e6 2. e4 d5 3. Nd2 Nf6 4. e5 Nfd7 5. Bd3 c5 6. c3 Nc6 7. Ne2 cxd4 8. cxd4 f6 9. exf6 Nxf6 10. Nf3 Bd6 11. Bf4 Qa5+ 12. Qd2 Qxd2+ 13. Kxd2 Bb4+ 14. Kd1 O-O 15. h3 Ne4 16. Bxe4 dxe4 17. Ne5 Nxd4 18. Nxd4 Rxf4 19. Ke2 b6 20. Ke3 Rf8 21. Kxe4 Bb7+ 22. Ke3 Bc5 23. Rad1 Bxg2 24. Rhg1 Bxh3 25. f4 Rad8 26. Nf3 Bf5 27. a3 a5 28. Rd2 Rd5 29. Rgd1 Rfd8 30. Rc1 Bg4 31. b4 axb4 32. axb4 Bxb4 33. Rg2 h5 34. Ke4 Bc5 35. f5 exf5+ 36. Kf4 Bxd4 37. Rc7 Bc5 38. Ng5 Bd6+ 39. Ke3 Bxc7 40. Ne6 Re8 41. Ra2 Rxe6+ 42. Kf2 Re2+ 43. Rxe2 Bxe2 44. Kg2 g5 45. Kh3 Bf1# 0-1


[Site "https://www.chess.com"]

[Event "Titled Tuesday Blitz February 21 Early 2023"]
[White "Turzo, Attila"]
[Black "Skvortsov, Andrei"]
[WhiteFideId "704954"]
[BlackFideId "24108600"]
[WhiteElo "2279"]
[BlackElo "2313"]
[Result "1-0"]
[Round "11"]
[TimeControl "180+2"]
[Date "2023.02.21"]
[WhiteClock "0:00:38"]
[BlackClock "0:00:14"]

1. d4 Nf6 2. c4 g6 3. Nc3 Bg7 4. e4 O-O 5. Nf3 d6 6. Be2 Bg4 7. Be3 Nc6 8. Ng1 Bxe2 9. Ngxe2 e5 10. d5 Ne7 11. f3 Nd7 12. g4 f5 13. gxf5 gxf5 14. Qd2 Ng6 15. O-O-O fxe4 16. fxe4 Qh4 17. Ng3 Nb6 18. b3 Rf3 19. Nf5 Qh3 20. Kb1 Rf8 21. Rhg1 R8xf5 22. exf5 Rxe3 23. fxg6 Rxc3 24. gxh7+ Qxh7+ 25. Kb2 Rf3 26. Qc2 Qxc2+ 27. Kxc2 Rf2+ 28. Rd2 Rxd2+ 29. Kxd2 Nd7 30. Kd3 Nf6 31. b4 a6 32. a4 b6 33. a5 bxa5 34. bxa5 Kf7 35. Rb1 Nd7 36. Ke3 Bh6+ 37. Kf3 c6 38. dxc6 e4+ 39. Kxe4 Nf6+ 40. Kf5 Ne8 41. Rb7+ 1-0


[Site "https://www.chess.com"]